 Dungeon Crawl Stone Soup version 0.15.1-1-gfacfea3 (webtiles) character file.

46 Johnny the Charmwright (level 3, 0/30 HPs)
             Began as a Demigod Skald on Sept 27, 2014.
             Killed from afar by Sigmund (4 damage)
             ... with a puff of flame
             ... on Level 2 of the Dungeon.
             The game lasted 00:03:03 (1009 turns).

Johnny the Charmwright (Demigod Skald)              Turns: 1009, Time: 00:03:03

HP   0/30        AC  6     Str 16      XL: 3   Next: 26%
MP   6/8         EV  8     Int 17      God:
Gold 64          SH  0     Dex 17      Spells:  1 memorised,  5 levels left

rFire  . . .     SeeInvis .     a - +0 falchion
rCold  . . .     Clarity  .     i - +0 scale mail
rNeg   . . .     rCorr    .     (no shield)
rPois  +         rRot     .     (no helmet)
rElec  .         Spirit   .     (no cloak)
SustAb .         Warding  .     (no gloves)
rMut   .         Stasis   .     (no boots)
Gourm  .                        (no amulet)
MR     .....                    p - ring of stealth
                                g - ring of regeneration

@: confused, very slightly contaminated, hasted, very quick, not resistant to
hostile enchantments, very unstealthy
A: thin skeletal structure 1, deterioration 1, poison resistance
a: no special abilities


You were on level 2 of the Dungeon.
You were hungry.

You visited 1 branch of the dungeon, and saw 2 of its levels.

You collected 64 gold pieces.

Inventory:

Hand weapons
 a - a +0 falchion (weapon)
Armour
 b - a +0 leather armour
 i - a +0 scale mail (worn)
Comestibles
 d - a bread ration
 f - a slice of pizza
 m - 4 fruits
Scrolls
 h - 3 scrolls of amnesia
 j - a scroll of identify
 o - a scroll of fog {unknown}
 q - a scroll of magic mapping {unknown}
Jewellery
 g - a ring of regeneration (left hand)
 p - a ring of stealth (right hand)
Books
 c - a book of Battle

   Spells                             Type                      Level
   *Infusion                          Charms                       1
   Shroud of Golubria                 Charms/Translocation         2
   Song of Slaying                    Charms                       2
   Spectral Weapon                    Hexes/Charms                 3
   Regeneration                       Charms/Necromancy            3


   Skills:
 * Level 2.3 Fighting
 + Level 2.1 Long Blades
 + Level 1.0 Armour
 * Level 1.5 Dodging
 + Level 0.0 Stealth
 * Level 2.1 Spellcasting
 * Level 2.9 Charms


You had 5 spell levels left.
You knew the following spells:

 Your Spells              Type           Power        Failure   Level  Hunger
a - Infusion              Chrm           ##....       30%         1    #......


Dungeon Overview and Level Annotations

Branches:
Dungeon (2/15)

Annotations:
D:2 Sigmund


Innate Abilities, Weirdness & Mutations

You have a somewhat thin skeletal structure (Dex +2, Stealth).
Your body is slowly deteriorating.
Your system is resistant to poisons.


Message History

As you read the scroll labeled GAZOME RUMAJ, it crumbles to dust.
It is a scroll of identify.
Identify which item? (\ to view known items) (? for menu, Esc to quit)
h - 3 scrolls of amnesia You hear some strange, mumbled words.
The magic dart hits you!
* * * LOW HITPOINT WARNING * * *
Read which item? (? for menu, Esc to quit)
As you read the scroll labeled RIALEU THRUCUFF, it crumbles to dust.
You feel blessed for a moment.
It was a scroll of remove curse.
Read which item? (? for menu, Esc to quit)
Okay, then.
You are no longer magically infusing your attacks.
Something hits you but does no damage.
You are confused.
Ouch!
You aren't carrying any items that can be evoked.
You aren't carrying any potions.
Ouch! The puff of flame hits you!
You die...

.......
########........
#............$..
##.#####........
#.# ....... #.#
....... #.#
####### #.# #@#
#.################
#......)..........
##################


There were no monsters in sight!

Vanquished Creatures
  An adder (D:2)
  A gnoll (D:1)
  A worm (D:2)
  A giant gecko (D:1)
  3 giant cockroaches
  A hobgoblin (D:1)
  3 kobolds
  4 bats (D:1)
  3 giant newts (D:1)
  2 goblins (D:2)
  3 rats
23 creatures vanquished.

Notes
Turn   | Place    | Note
--------------------------------------------------------------
     0 | D:1      | Johnny, the Demigod Skald, began the quest for the Orb.
     0 | D:1      | Reached XP level 1. HP: 17/17 MP: 3/3
   187 | D:1      | Reached skill level 1 in Dodging
   224 | D:1      | Reached XP level 2. HP: 19/24 MP: 2/5
   676 | D:2      | Reached XP level 3. HP: 27/30 MP: 1/8
   804 | D:2      | Reached skill level 1 in Armour
   974 | D:2      | Noticed Sigmund
   994 | D:2      | Gained mutation: Your body is slowly deteriorating. [potion of mutation]
   994 | D:2      | Gained mutation: You have a somewhat thin skeletal structure (Dex +2, Stealth). [potion of mutation]
   994 | D:2      | Gained mutation: Your system is resistant to poisons. [potion of mutation]
   999 | D:2      | HP: 1/30 [something/magic dart (7)]
  1009 | D:2      | Killed from afar by Sigmund

Action                   || total
-------------------------++-------
Melee: Falchion          ||    84
 Cast: Infusion          ||     4
  Use: Potion            ||     5
       Scroll            ||     2
